 Dungeon Crawl Stone Soup version 0.19.0 (webtiles) character file.

46 Gorglomux the Charmwright (level 3, -2/25 HPs)
             Began as a High Elf Skald on Nov 1, 2016.
             Slain by a gnoll
             ... wielding a +0 spear
              (7 damage)
             ... on level 2 of the Dungeon.
             The game lasted 00:03:50 (2020 turns).

Gorglomux the Charmwright (High Elf Skald)          Turns: 2020, Time: 00:03:51

Health: -2/25      AC:  3    Str: 11    XL:     3   Next: 46%
Magic:  2/7        EV: 11    Int: 16    God:
Gold:   101        SH:  0    Dex: 15    Spells: 2 memorised, 2 levels left

rFire  . . .     SeeInvis .     a - +1 falchion
rCold  . . .     Gourm    .     b - +0 leather armour
rNeg   . . .     Faith    .     (no shield)
rPois  .         Spirit   .     (no helmet)
rElec  .         Reflect  .     (no cloak)
rCorr  .         Harm     .     (no gloves)
MR     .....                    (no boots)
Stlth  +.........               (no amulet)
                                (no ring)
                                (no ring)

@: infused
A: no striking features
a: no special abilities


You were on level 2 of the Dungeon.
You were not hungry.

You visited 1 branch of the dungeon, and saw 2 of its levels.

You collected 101 gold pieces.

Inventory:

Hand Weapons
 a - a +1 falchion (weapon)
Armour
 b - a +0 leather armour (worn)
Scrolls
 e - 3 scrolls of identify
 f - 2 scrolls of immolation
 g - a scroll of blinking {unknown}
 j - a scroll of amnesia {unknown}
 l - a scroll of random uselessness {unknown}
Potions
 k - a potion of brilliance {unknown}
 m - a potion of haste {unknown}
Books
 c - a book of Battle

   Spells                             Type                      Level
   a - Infusion                       Charms                       1
   b - Shroud of Golubria             Charms/Translocation         2
   c - Song of Slaying                Charms                       2
   d - Spectral Weapon                Hexes/Charms                 3
   e - Regeneration                   Charms/Necromancy            3
Comestibles
 d - 2 bread rations
 h - a chunk of flesh
 i - a meat ration


   Skills:
 + Level 2.6 Fighting
 + Level 3.6 Long Blades
 - Level 0.8 Armour
 - Level 1.1 Dodging
 - Level 2.4 Spellcasting
 + Level 4.2 Charms


You had 2 spell levels left.
You knew the following spells:

 Your Spells              Type           Power        Failure   Level  Hunger
a - Infusion              Chrm           ###.         6%          1    #......
b - Spectral Weapon       Hex/Chrm       #.......     34%         3    ###....


Dungeon Overview and Level Annotations

Branches:
Dungeon (2/15)

Altars:
The Shining One


Message History

A rat comes into view.
Casting: Spectral Weapon
Confirm with . or Enter, or press ? or * to list all spells.
You begin infusing your attacks with magical energy.
You slash the frilled lizard!
You kill the frilled lizard!
You barely miss the rat. The rat bites you. The gnoll barely misses you.
You hit the rat!
You kill the rat!
The gnoll hits you from afar with a spear.
The gnoll hits you with a spear.
You hit the gnoll.
The gnoll is moderately wounded.
The gnoll hits you with a spear!
* * * LOW HITPOINT WARNING * * *
You are too injured to fight recklessly!
You hit the gnoll.
The gnoll is moderately wounded.
The gnoll hits you with a spear!
You die...

####...##..#..##..###
....†.##..#.#.
##...### #...###
#._.# ###...#######
##....# ..#.#
##...#........
#.##..##..#.
##..###.####.## #..
...##...##..## #.#
#### ...# #...# #.#
.#.. #..#.# #.# ##.
#..##@# #.# #.. #g#
#.# ... #.# #.# ##.
... #. ... ....#
.#### #.


You could see a gnoll.

Vanquished Creatures
  A gnoll (D:2)
  A worm (D:2)
  A dart slug (D:1)
  A giant cockroach (D:1)
  A goblin (D:2)
  6 hobgoblins
  A quokka (D:2)
  6 bats
  5 frilled lizards
  3 kobolds
  8 rats
34 creatures vanquished.

Notes
Turn   | Place    | Note
-------+----------+-------------------------------------------
     0 | D:1      | Gorglomux the High Elf Skald began the quest for the Orb.
     0 | D:1      | Reached XP level 1. HP: 14/14 MP: 4/4
   605 | D:1      | Reached XP level 2. HP: 19/19 MP: 6/6
   966 | D:1      | Reached skill level 4 in Charms
  1300 | D:2      | Reached XP level 3. HP: 25/25 MP: 4/7
  1598 | D:1      | Learned a level 3 spell: Spectral Weapon
  1996 | D:2      | Found a glowing golden altar of the Shining One.
  2020 | D:2      | Slain by a gnoll

Skill      XL: |  1  2 |
---------------+-------+-----
Long Blades    | 3 |  3.6
Charms         | 4 |  4.2
Fighting       | |  2.6
Armour         | |  0.8
Dodging        | |  1.1
Spellcasting   | |  2.4

Action                   || total
-------------------------++-------
Melee: Falchion          ||    79
 Cast: Infusion          ||    12
       Spectral Weapon   ||     2
  Use: Scroll            ||     3
       Potion            ||     1
 Stab: Sleeping          ||     1
  Eat: Chunk             ||     4
Armor: Leather armour    ||    34
Dodge: Dodged            ||    48
       Rpst.: Falchion   ||     9
